 Dungeon Crawl Stone Soup version bcrawl-1.40.2 (webtiles) character file.

Game seed: 8300208924491707263

106704 kosoiffoigrumme1174 the Ducker (level 4, -1/28 HPs)
             Began as a Vine Stalker Monk on Nov 7, 2023.
             Slain by Crazy Yiuf
             ... wielding a +2 quarterstaff of chaos
              (16 damage)
             ... on level 2 of the Dungeon.
             The game lasted 00:03:46 (2097 turns).

kosoiffoigrumme1174 the Ducker (Vine Stalker Monk)  Turns: 2097, Time: 00:03:47

Health: -1/28      AC: 14    Str: 15    XL:     4   Next: 18%
Magic:  0/6        EV:  2    Int: 10    God:
Gold:   183        SH:  7    Dex: 16    Spells: 3/3 levels left

rFire    . . .     GDR:     28% c - +1 short sword (holy)
rCold    . . .     SeeInvis .   k - +0 medium shield
rNeg     . . .     Gourm    .   s - +0 chain mail
rPois    .         Faith    .   p - +2 helmet
rElec    .         Spirit   +   (no cloak)
rCorr    .         Reflect  .   r - +2 pair of gloves
MR       .....                  (no boots)
Stlth    ..........             d - amulet of guardian spirit
HPRegen  0.54/turn              (no ring)
MPRegen  0.10/turn              (no ring)

@: lethally poisoned (-1 -> -6), slowed, very slow
A: fangs 2, regeneration 1, no potion heal 3, rot immunity, strong jaws
a: no special abilities


You were on level 2 of the Dungeon.
You were hungry.

You visited 1 branch of the dungeon, and saw 2 of its levels.

You collected 183 gold pieces.

Inventory:

Hand Weapons
 a - a +0 hand axe
 b - a +0 hunting sling
 c - a +1 short sword of holy wrath (weapon)
Missiles
 o - 540 stones (quivered)
Armour
 k - a +0 medium shield (worn)
 p - a +2 helmet (worn)
 r - a +2 pair of gloves (worn)
 s - a +0 chain mail (worn)
Jewellery
 d - an amulet of guardian spirit (around neck)
 f - a cursed ring of insulation {unknown}
Scrolls
 h - a scroll of noise {unknown}
 i - 2 scrolls of identify
 l - a scroll of teleportation {unknown}
 q - a scroll of fog {unknown}
Potions
 g - 4 potions of curing
 j - a potion of haste {unknown}
 m - a potion of ambrosia {unknown}
Comestibles
 e - 5 rations {!d}


   Skills:
 + Level 3.4 Fighting
 - Level 2.6 Axes
 + Level 4.0 Dodging
 - Level 3.0 Stealth
 + Level 1.9 Unarmed Combat
   Level 2.0 Invocations


You had 3 spell levels left.
You didn't know any spells.
Your spell library was empty.

Dungeon Overview and Level Annotations

Branches:
Dungeon (2/12)

Altars:

Annotations:
D:2 Crazy Yiuf


Innate Abilities, Weirdness & Mutations

You have extremely sharp teeth.
Your natural rate of healing is unusually fast.
Potions cannot restore your health.
You are immune to rotting.
Your bites deal extra damage.


Message History

You hit Crazy Yiuf.
Crazy Yiuf is lightly wounded.
Crazy Yiuf laughs, "Castle!
Citrus arga mumblescurry."
Crazy Yiuf hits you but does no damage.
You feel yourself slow down.
Crazy Yiuf yells, "Action Orb Guardian bag!"
Crazy Yiuf hits you but does no damage.
You puncture Crazy Yiuf! You bite Crazy Yiuf.
Crazy Yiuf is severely wounded.
Crazy Yiuf hits you but does no damage.
Your shield and chain mail prevent you from hitting Crazy Yiuf.
Crazy Yiuf is severely wounded.
Crazy Yiuf hits you with a +2 quarterstaff of chaos!
You are poisoned.
Crazy Yiuf hits you but does no damage.
Your shield and chain mail prevent you from hitting Crazy Yiuf.
Crazy Yiuf is severely wounded.
You feel very sick. Crazy Yiuf hits you but does no damage.
You are electrocuted!!
Ouch! That really hurt!
You die...

#.........##.# #.#
#.........##.# #.#
#.........##.#####.##
#.........'.........#
####.........##.#####..#
...............>...#...#
..........[#########...#
###.##.#############...#
...............g@......#
###.##.#..##########.#.#
.....#..........####.#.#
###..#.#.............#.#
###############.####.#.#
.# #.......#.#.# .#
##### #....#....#.# .#
#..)# ####.#..###.# .#
#...# #.........#.#


You could see Crazy Yiuf.

Vanquished Creatures
  Robin (D:2)
  3 worms
  2 dart slugs
  A leopard gecko (D:2)
  A ball python (D:1)
  2 giant cockroaches (D:2)
  5 goblins
  5 hobgoblins
  4 jackals
  6 bats
  4 kobolds
  9 rats
43 creatures vanquished.

Notes
Turn   | Place    | Note
-------+----------+-------------------------------------------
     0 | D:1      | kosoiffoigrumme1174 the Vine Stalker Monk began the quest
                  | for the Orb.
     0 | D:1      | Reached XP level 1. HP: 13/13 MP: 3/3
    72 | D:1      | Reached XP level 2. HP: 18/18 MP: 4/4
   227 | D:1      | Reached skill level 1 in Unarmed Combat
   463 | D:1      | Reached XP level 3. HP: 23/23 MP: 3/5
  1050 | D:2      | Noticed Robin
  1061 | D:2      | Killed Robin
  1255 | D:2      | Reached skill level 4 in Dodging
  1346 | D:2      | Reached XP level 4. HP: 20/28 MP: 4/6
  1740 | D:2      | Found a runed door.
  1964 | D:2      | Noticed Crazy Yiuf
  2097 | D:2      | Slain by Crazy Yiuf

Skill      XL: |  1  2  3 |
---------------+----------+-----
Fighting       | 3 |  3.4
Unarmed Combat | 1 |  1.9
Dodging        | 4 |  4.0
Axes           | |  2.6
Stealth        | |  3.0
Invocations    | |  2.0

Action                   |  1- 3 |  4- 6 || total
-------------------------+-------+-------++-------
Melee: Hand axe          |    79 |     4 ||    83
       Bite              |    10 |     1 ||    11
       Short sword       |    13 |     4 ||    17
 Fire: Hunting sling     |    42 |    22 ||    64
  Use: Scroll            |     2 |       ||     2
 Stab: Sleeping          |     2 |       ||     2
  Eat: Chunk             |     4 |     4 ||     8
Armor: Robe              |     4 |       ||     4
       Ring mail         |    19 |       ||    19
       Chain mail        |    11 |    18 ||    29
       Scale mail        |     2 |       ||     2
Dodge: Dodged            |    66 |       ||    66
Block: Medium shield     |       |     7 ||     7
